 Dungeon Crawl Stone Soup version 0.18.1-50-g88ac8fd (webtiles) character file.

53 Nahar the Chiller (level 3, -24/19 HPs)
             Began as a Deep Elf Ice Elementalist on Oct 23, 2016.
             Killed from afar by a hobgoblin (38 damage)
             ... with an exploding inner flame
             ... hexed by the player character
             ... on level 2 of the Dungeon.
             The game lasted 00:10:14 (1420 turns).

Nahar the Chiller (Deep Elf Ice Elementalist)       Turns: 1420, Time: 00:10:14

Health: -24/19     AC:  2    Str:  5    XL:     3   Next: 62%
Magic:  0/10       EV: 13    Int: 20    God:
Gold:   54         SH:  0    Dex: 15    Spells: 2 memorised, 7 levels left

rFire  . . .     SeeInvis .     (no weapon)
rCold  . . .     Gourm    .     a - +0 robe
rNeg   . . .     Faith    .     (no shield)
rPois  .         Spirit   .     (no helmet)
rElec  .         Dismiss  .     (no cloak)
rCorr  .         Reflect  .     (no gloves)
SustAt .         Harm     .     (no boots)
MR     .....                    (no amulet)
Stlth  ++........               (no ring)
                                (no ring)

@: very slightly contaminated, not resistant to hostile enchantments, unstealthy
A: no striking features
a: no special abilities


You were on level 2 of the Dungeon.
You were not hungry.

You visited 1 branch of the dungeon, and saw 2 of its levels.

You collected 54 gold pieces.

Inventory:

Hand Weapons
 d - a +3 dagger of venom
Armour
 a - a +0 robe (worn)
Potions
 e - 2 potions of heal wounds
Books
 b - a book of Frost

   Spells                             Type                      Level
   a - Freeze                         Ice                          1
   b - Throw Frost                    Conjuration/Ice              2
   c - Ozocubu's Armour               Charms/Ice                   3
   d - Throw Icicle                   Conjuration/Ice              4
   e - Summon Ice Beast               Ice/Summoning                4


   Skills:
 + Level 2.5 Dodging
 + Level 2.5 Stealth
 * Level 4.2 Spellcasting
 + Level 1.1 Conjurations
 * Level 4.3 Ice Magic


You had 7 spell levels left.
You knew the following spells:

 Your Spells              Type           Power        Failure   Level  Hunger
a - Freeze                Ice            ###.         2%          1    None
b - Throw Frost           Conj/Ice       ###...       10%         2    #......


Dungeon Overview and Level Annotations

Branches:
Dungeon (2/15)

Altars:
Yredelemnul
The Shining One


Message History

Aiming: Freeze
Press: ? - help, Shift-Dir - straight line, f - hobgoblin, p - jackal
Aim: a hobgoblin, wielding a club (almost dead, inner flame)
You freeze the hobgoblin.
The hobgoblin explodes!
The fiery explosion engulfs the goblin.
The goblin explodes!
The fiery explosion engulfs the jackal.
You kill the jackal!
The fiery explosion engulfs the jackal.
The jackal explodes!
The fiery explosion engulfs the jackal.
The jackal explodes!
The fiery explosion engulfs the jackal.
The jackal explodes!
The fiery explosion engulfs the worm.
The worm explodes!
The fiery explosion engulfs you!
Ouch! That really hurt!
You die...

.........######..(†......
....................#...#
....s..§§§..###..#..#.###
...$...§§##......#.....#
.......§§#..##.#.#.##..##
.....h.§§#§###...#.#.....
.#######§§.# #.........##
#§### #.......#># #@#
.......#.#
#.................##
#....######.......#...
#.#.# .......##.. .##. #.
.<... #.. #.##.##. .....
##. #.# .## .... #.
#.##.## .... #. #.....#
#.


There were no monsters in sight!

Vanquished Creatures
  2 worms (D:2)
  2 dart slugs (D:1)
  3 bats
  3 goblins
  8 hobgoblins
  10 jackals
  A kobold (D:1)
  4 giant newts
  4 rats
37 creatures vanquished.

Vanquished Creatures (others)
  2 jackals (D:2)
  A kobold (D:1)
  A rat (D:1)
4 creatures vanquished.

Grand Total: 41 creatures vanquished

Notes
Turn   | Place    | Note
--------------------------------------------------------------
     0 | D:1      | Nahar the Deep Elf Ice Elementalist began the quest for the Orb.
     0 | D:1      | Reached XP level 1. HP: 10/10 MP: 6/6
   176 | D:1      | Reached XP level 2. HP: 15/15 MP: 2/8
   489 | D:1      | Learned a level 2 spell: Throw Frost
  1123 | D:2      | Reached XP level 3. HP: 19/19 MP: 7/10
  1313 | D:2      | Found a glowing golden altar of the Shining One.
  1315 | D:2      | Noticed an angel
  1322 | D:2      | Found a basalt altar of Yredelemnul.
  1325 | D:2      | Noticed a profane servitor
  1420 | D:2      | Killed from afar by a hobgoblin

Skill      XL: |  1  2  3 |
---------------+----------+-----
Ice Magic      | 4 |  4.3
Spellcasting   | 4 |  4.2
Dodging        | |  2.5
Stealth        | |  2.5
Conjurations   | |  1.1

Action                   || total
-------------------------++-------
 Cast: Freeze            ||    46
       Throw Frost       ||     9
  Use: Scroll            ||     6
       Potion            ||     1
  Eat: Bread ration      ||     1
Armor: Robe              ||     9
Dodge: Dodged            ||    26
